 Dungeon Crawl Stone Soup version 0.30.0-29-ga12c61a403 (webtiles) character file.

Game seed: 13190254025785235567

269 ChadusMaximus the Chopper (level 6, 0/55 HPs)
             Began as a Minotaur Fighter on June 11, 2023.
             Slain by a black bear (4 damage)
             ... on level 7 of the Dungeon.
             The game lasted 00:02:00 (3045 turns).

ChadusMaximus the Chopper (Minotaur Fighter)        Turns: 3045, Time: 00:02:01

Health: 0/55       AC:  8    Str: 22    XL:     6   Next: 1%
Magic:  5/5        EV:  9    Int:  5    God:
Gold:   112        SH:  5    Dex: 10    Spells: 5/5 levels left

rFire   . . .        a - +0 war axe
rCold   . . .        c - +0 buckler
rNeg    . . .        b - +0 scale mail
rPois   .            (helmet restricted)
rElec   .            (no cloak)
rCorr   .            (no gloves)
SInv    .            h - +0 pair of boots
Will    .....        (no amulet) Stlth
                     (no ring)
HPRegen 0.29/turn    (no ring)
MPRegen 0.09/turn

%: no passive effects
@: no status effects
A: horns 2, retaliatory headbutt
a: no special abilities


You were on level 7 of the Dungeon.
You visited 1 branch of the dungeon, and saw 5 of its levels.

You collected 112 gold pieces.

Inventory:

Hand Weapons
 a - a +0 war axe (weapon)
Armour
 b - a +0 scale mail (worn)
 c - a +0 buckler (worn)
 h - a +0 pair of boots (worn)
Jewellery
 k - a +6 ring of intelligence
 r - a ring of resist corrosion
 s - a +6 ring of dexterity
Scrolls
 e - 2 scrolls of enchant weapon {unknown}
 f - 3 scrolls of identify {unknown}
 g - 2 scrolls of enchant armour {unknown}
 i - 2 scrolls of poison {unknown}
 m - 2 scrolls of fog {unknown}
 o - a scroll of teleportation {unknown}
 p - a scroll of fear {unknown}
Potions
 d - a potion of might
 j - 2 potions of curing {unknown}
 l - a potion of degeneration {unknown}
 n - a potion of lignification {unknown}
 q - a potion of berserk rage {unknown}
 t - a potion of haste {unknown}


   Skills:
 + Level 4.9 Fighting
 * Level 5.0 Axes
 + Level 4.9 Armour
 + Level 4.9 Shields


You had 5 spell levels left.
You didn't know any spells.
Your spell library was empty.

Dungeon Overview and Level Annotations

Branches:
Dungeon (4/15)
 Temple: D:4-7

Altars:
Elyvilon
Makhleb
Nemelex Xobeh

Shops:
D:1 (*(*

Annotations:
D:4 2 transporters, Elliot's ghost, amateur MiBe
D:7 Joseph; Pikel


Innate Abilities, Weirdness & Mutations

You have a pair of horns on your head.
You reflexively headbutt those who attack you in melee.


Message History

The black bear barely misses you. The black bear claws you.
The black bear claws you but does no damage.
Found 10 gold pieces.
The black bear attacks as you move away!
The black bear bites you. The black bear claws you.
The black bear barely misses you.
The black bear attacks as you move away!
The black bear barely misses you. You furiously retaliate!
You headbutt the black bear! The black bear closely misses you.
The black bear claws you but does no damage.
Found 10 gold pieces.
Joseph, a Mercenary comes into view.
He is wielding a +0 quarterstaff and wearing a +3 leather armour of poison resistance.
Found a bubbling orange potion.
Joseph shouts!
Joseph unwields a +0 quarterstaff.
Joseph wields a +0 sling.
Joseph shoots a sling bullet.
The sling bullet hits you!!
A sky beast comes into view.
The black bear attacks as you move away!
The black bear completely misses you. The black bear closely misses you.
The black bear claws you but does no damage.
The sky beast flickers out of sight!
Deactivating autopickup; reactivate with Ctrl-A.
Joseph shoots a sling bullet.
The black bear bites you. The black bear claws you.
The black bear claws you but does no damage.
Joseph shoots a sling bullet.
You block the sling bullet.
The black bear attacks as you move away!
The black bear closely misses you. You furiously retaliate!
You headbutt the black bear. The black bear closely misses you.
The black bear barely misses you.
Joseph shoots a sling bullet.
The sling bullet hits you!
* * * LOW HITPOINT WARNING * * *
Pikel attacks as you move away!
Pikel hits you with a +1 whip of freezing.
* * * LOW HITPOINT WARNING * * *
Pikel freezes you.
* * * LOW HITPOINT WARNING * * *
The black bear attacks as you move away!
The black bear closely misses you. The black bear claws you.
You die...

######.# #.# #
K..K55.# #.##..
######## #.##!# #
#.##@#
#############.##.##
............5$#.$.####
######.5.5K..5........
###.#####.K..### ...#
#.#@## ##### #.#h#
#.5.# #####


You could see Joseph, Pikel, a black bear and 3 lemures.

Vanquished Creatures
  A water moccasin (D:3)
  A jelly (D:4)
  2 gnolls (D:1)
  4 adders
  A worm (D:4)
  3 dart slugs
  6 bats
  9 endoplasms
  5 giant cockroaches
  11 goblins
  6 hobgoblins
  4 jackals (D:4)
  A quokka (D:3)
  4 ball pythons
  5 frilled lizards
  4 kobolds
  5 rats
72 creatures vanquished.

Notes
Turn   | Place    | Note
-------+----------+-------------------------------------------
     0 | D:1      | ChadusMaximus the Minotaur Fighter began the quest for the
                  | Orb.
     0 | D:1      | Reached XP level 1. HP: 19/19 MP: 0/0
    30 | D:1      | Reached XP level 2. HP: 5/27 MP: 1/1
   270 | D:1      | Reached skill level 3 in Axes
   322 | D:1      | Found a faded altar of an unknown god.
   332 | D:1      | Found Xuagemuq's Assorted Antiques.
   411 | D:1      | Found Meh Wemp's Antique Weapon Boutique.
   452 | D:1      | Found Puentaoc's Weapon Shoppe.
   454 | D:1      | Reached XP level 3. HP: 33/33 MP: 2/2
   540 | D:1      | Found Liupuk's General Store.
  1211 | D:2      | Reached XP level 4. HP: 36/40 MP: 3/3
  2164 | D:3      | Noticed a water moccasin
  2166 | D:3      | Killed a water moccasin
  2167 | D:3      | Reached skill level 4 in Axes
  2167 | D:3      | Reached XP level 5. HP: 42/47 MP: 4/4
  2250 | D:3      | Found a burning altar of Makhleb.
  2640 | D:4      | Noticed Elliot's ghost (amateur MiBe)
  2640 | D:4      | Found a transporter.
  2640 | D:4      | Found a transporter.
  2854 | D:4      | Found a white marble altar of Elyvilon.
  2878 | D:4      | Identified the +1 leather armour "Geojeose" {*Corrode +Inv
                  | Int+4}
  2928 | D:4      | Found a sparkling altar of Nemelex Xobeh.
  2946 | D:4      | Reached skill level 5 in Axes
  2946 | D:4      | Reached XP level 6. HP: 55/55 MP: 5/5
  2988 | D:4      | You fall into a shaft and drop 3 floors!
  3001 | D:7      | Noticed Pikel
  3038 | D:7      | Noticed Joseph
  3039 | D:7      | Noticed a sky beast
  3045 | D:7      | Slain by a black bear

Illustrated notes

Levels and vault maps discovered:
D:1:      spicycebolla_green_bress_n_ham, layout_basic, serial_shops,
          nicolae_shop_tiny_statue_garden, nicolae_shop_tiny_waterfront, shop,
          shop, shapermc_ecumenical_altar_mp_highgroup
D:2:      layout_loops_cross, serial_bayou, serial_bayou_shore_a,
          serial_bayou_shore_b, serial_bayou_crossing, serial_bayou_ford_a,
          palyth_stone_intersect
D:3:      layout_loops_ring, lightli_temple_of_fire, grunt_decor_arrowhead
D:4:      layout_rooms, doesnt_xom_only_xom, mainiacjoe_overflow_alcove_1,
          mainiacjoe_overflow_paths, gammafunk_ghost_mausoleum
D:7:      layout_loops_ring, minmay_unpleasant_kobolds, uniq_pikel, uniq_joseph,
          uniq_crazy_yiuf_cottage

Skill      XL: |  1  2  3  4  5 |
---------------+----------------+-----
Axes           | 3 4 5 |  5.0
Fighting       | 4 |  4.9
Armour         | 4 |  4.9
Shields        | 4 |  4.9

Action                     |  1- 3 |  4- 6 || total
---------------------------+-------+-------++-------
  Melee: War axe           |    68 |    65 ||   133
         Headbutt          |     4 |     7 ||    11
 Armour: Scale mail        |    36 |    47 ||    83
  Dodge: Dodged            |    32 |    58 ||    90
  Block: Buckler           |     9 |    18 ||    27
